 Dungeon Crawl Stone Soup version 0.24.0-2-g5b39cebb1c (webtiles) character file.

Game seed: 12300407559254837013, levelgen mode: deterministic

775673 grindst0ne the Impregnable (level 27, -5/315 (319) HPs)
             Began as a Gnoll Wanderer on Oct 29, 2019.
             Was the Champion of Makhleb.
             Slain by an entropy weaver (11 damage)
             ... on level 13 of a ziggurat on Oct 30, 2019.
             The game lasted 07:09:47 (67886 turns).

grindst0ne the Impregnable (Gnoll Wanderer)        Turns: 67886, Time: 07:09:50

HP:   -5/315 (319)  AC:  5    Str: 19    XL:     27
MP:   37/56         EV: 29    Int: 22    God:    Makhleb [******]
Gold: 4693          SH:  0    Dex: 18    Spells: 5/67 levels left

rFire    + . .     SeeInvis +   b - +8 mithril axe "Arga" {speed, MR+}
rCold    + + +     Gourm    .   (no shield)
rNeg     + + +     Faith    .   (armour currently unavailable)
rPois    ∞         Spirit   .   K - +4 helmet of the Realm of Zot {+Fly MR+}
rElec    +         Reflect  .   n - scarf {rC+ rF+}
rCorr    .         Harm     .   (gloves currently unavailable)
MR       +++++     Clarity  +   (boots currently unavailable)
Stlth    ++++++++..             W - amulet of the Four Winds {rN+ MR+++ Clar}
HPRegen  0.62/turn              D - ring of Kuacsi Qadil {+Fly rN++ Dex-5 Slay+2 SInv}
MPRegen  0.35/turn              e - ring "Kotes" {rC+ MP+9 Str+2}

@: brilliant, statue-form, corroded, very slightly contaminated, hasted and
slowed, studying 2 skills, very slow
A: distributed training, fangs 1, cold resistance 1, robust 1, strong nose
}: 5/15 runes: serpentine, barnacled, slimy, silver, icy
a: End Transformation, Minor Destruction, Lesser Servant of Makhleb, Major
Destruction, Greater Servant of Makhleb, Renounce Religion, Evoke Flight


You were on level 13 of a ziggurat.
You worshipped Makhleb.
Makhleb was exalted by your worship.
You were very hungry.
You were a stone statue.
You visited 12 branches of the dungeon, and saw 60 of its levels.
You visited 1 ziggurat, and saw 13 of its levels.
You also visited: Trove, Sewer, Ossuary, Ice Cave and Wizlab.

You collected 8573 gold pieces.
You spent 3880 gold pieces at shops.

Inventory:

Hand Weapons
 b - the +8 mithril axe "Arga" (weapon) {speed, MR+}
   (You found it on level 1 of the Orcish Mines)

   Attacks with this weapon are significantly faster.
   It affects your resistance to hostile enchantments.
Armour
 j - the +2 shield of Sin {rCorr Str+4 Int-2 Stlth+}
   (Okawaru gifted it to you on level 3 of the Depths)

   It affects your strength (+4).
   It affects your intelligence (-2).
   It provides partial protection from all sources of acid and corrosion.
   It makes you more stealthy.
 n - a scarf of resistance (worn)
 t - a +8 large shield of fire resistance
 w - the +1 pair of boots of Trial and Error (melded) {Str+6}
   (Okawaru gifted it to you on level 1 of the Shoals)

   It affects your strength (+6).
 F - a +2 robe of magic resistance (melded)
 K - the +4 helmet of the Realm of Zot (worn) {+Fly MR+}
   (You found it on level 2 of the Snake Pit)

   It affects your resistance to hostile enchantments.
   It lets you fly.
 O - a +2 pair of gloves of strength (melded)
Jewellery
 a - the amulet of Lugonu's Esteem {rC++ Regen+}
   (You found it on level 4 of the Depths)

   [amulet of regeneration]

   It greatly protects you from cold.
   It increases your rate of regeneration.
 c - an uncursed ring of wizardry
 e - the ring "Kotes" (right hand) {rC+ MP+9 Str+2}
   (You found it on level 4 of the Depths)

   [ring of protection from cold]

   It affects your strength (+2).
   It protects you from cold.
   It affects your magic capacity (+9).
 D - the ring of Kuacsi Qadil (left hand) {+Fly rN++ Dex-5 Slay+2 SInv}
   (You found it on level 3 of the Depths)

   [ring of see invisible]

   It affects your dexterity (-5).
   It affects your accuracy and damage with ranged weapons and melee attacks
   (+2).
   It greatly protects you from negative energy.
   It lets you see invisible.
   It lets you fly.
 T - the ring of Phasing {EV+8}
   (You found it on level 1 of the Shoals)

   [ring of evasion]

   It affects your evasion (+8).
 W - the amulet of the Four Winds (around neck) {rN+ MR+++ Clar}
   (You found it on level 2 of the Depths)

   [amulet of nothing]

   It protects you from negative energy.
   It affects your resistance to hostile enchantments.
   It protects you against confusion.
Wands
 g - a wand of paralysis (39)
 G - a wand of scattershot (9)
 M - a wand of iceblast (34)
 R - a wand of acid (7)
 Y - a wand of digging (5)
 Z - a wand of disintegration (30)
Scrolls
 h - 28 scrolls of teleportation
 k - 2 scrolls of summoning
 m - 30 scrolls of remove curse
 q - 10 scrolls of fear
 s - 12 scrolls of enchant armour
 u - 7 scrolls of enchant weapon
 v - 6 scrolls of magic mapping
 B - 7 scrolls of fog
 C - 7 scrolls of blinking
 J - 14 scrolls of amnesia
 P - 6 scrolls of identify
Potions
 d - 9 potions of cancellation
 l - 11 potions of mutation
 o - 5 potions of curing
 p - 12 potions of haste
 r - 4 potions of heal wounds
 z - 2 potions of resistance
 A - 5 potions of might
 H - 6 potions of invisibility
 L - 2 potions of ambrosia
 N - 4 potions of agility
 U - a potion of magic
 X - 4 potions of brilliance
Books
 x - a manual of
Armour
 y - a manual of Shields
Miscellaneous
 i - a lightning rod (4/4)
 E - 6 phantom mirrors
 Q - 2 sacks of spiders
 S - a box of beasts
 V - a lamp of fire
Comestibles
 f - 45 rations
 I - a chunk of flesh


   Skills:
 + Level 19.9 Fighting
 + Level 19.7 Short Blades
 + Level 19.7 Long Blades
 + Level 19.7 Axes
 + Level 20.1 Maces & Flails
 + Level 19.7 Polearms
 + Level 19.7 Staves
 + Level 19.7 Slings
 + Level 19.7 Bows
 + Level 19.7 Crossbows
 + Level 19.7 Throwing
 + Level 23.3 Armour
 + Level 19.7 Dodging
 + Level 19.7 Stealth
 + Level 23.3 Shields
 + Level 19.7 Unarmed Combat
 + Level 20.5 Spellcasting
 + Level 17.1 Conjurations
 + Level 17.1 Hexes
 + Level 18.5 Charms
 + Level 17.1 Summonings
 + Level 17.1 Necromancy
 + Level 17.1 Translocations
 + Level 17.1 Transmutations
 + Level 17.1 Fire Magic
 + Level 17.2 Ice Magic
 + Level 17.2 Air Magic
 + Level 17.1 Earth Magic
 + Level 17.1 Poison Magic
 + Level 21.2 Invocations
 + Level 20.1 Evocations


You had 5 spell levels left.
You knew the following spells:

 Your Spells              Type           Power        Failure   Level  Hunger
a - Blink                 Tloc           N/A          0%          2    None
b - Shroud of Golubria    Chrm/Tloc      ######       0%          2    None
c - Song of Slaying       Chrm           #######.     0%          2    None
d - Regeneration          Chrm/Necr      #######...   0%          3    None
e - Passwall              Tmut/Erth      #######.     0%          2    None
f - Mephitic Cloud        Conj/Pois/Air  #######.     0%          3    None
g - Confuse               Hex            #######.     0%          3    None
h - Lee's Rapid Deconstr  Erth           #######...   1%          5    None
i - Statue Form           Tmut/Erth      #######..    1%          6    ###....
j - Irradiate             Conj/Tmut      #######...   1%          5    None
k - Sublimation of Blood  Necr           #######...   0%          2    None
l - Deflect Missiles      Chrm/Air       #######...   1%          6    ###....
m - Controlled Blink      Tloc           N/A          1%          8    ######.
n - Darkness              Hex            #######...   1%          6    ###....
o - Lesser Beckoning      Tloc           #######...   0%          3    None
p - Passage of Golubria   Tloc           N/A          0%          4    None

Your spell library contained the following spells:

 Spells                   Type           Power        Failure   Level  Hunger
 Animate Skeleton         Necr           N/A          0%          1    None
 Apportation              Tloc           ######       0%          1    None
 Beastly Appendage        Tmut           ######       0%          1    None
 Confusing Touch          Hex            ######       0%          1    None
 Corona                   Hex            #######      0%          1    None
 Flame Tongue             Conj/Fire      #####        0%          1    None
 Freeze                   Ice            ####         0%          1    None
 Infusion                 Chrm           ####         0%          1    None
 Magic Dart               Conj           ####         0%          1    None
 Sandblast                Erth           ######       0%          1    None
 Shock                    Conj/Air       ####         0%          1    None
 Sting                    Conj/Pois      ####         0%          1    None
 Summon Butterflies       Summ           #######.     0%          1    None
 Summon Small Mammal      Summ           ####         0%          1    None
 Call Imp                 Summ           #######.     0%          2    None
 Corpse Rot               Necr           N/A          0%          2    None
 Ensorcelled Hibernation  Hex/Ice        ######       0%          2    None
 Poisonous Vapours        Pois/Air       ######       0%          2    None
 Slow                     Hex            #######.     0%          2    None
 Sticks to Snakes         Tmut           #######.     0%          2    None
 Throw Flame              Conj/Fire      ######       0%          2    None
 Throw Frost              Conj/Ice       ######       0%          2    None
 Call Canine Familiar     Summ           #######.     0%          3    None
 Conjure Flame            Conj/Fire      #######.     0%          3    None
 Dazzling Spray           Conj/Hex       ######       0%          3    None
 Gell's Gravitas          Tloc           #######...   0%          3    None
 Ignite Poison            Fire/Tmut/Pois #######.     0%          3    None
 Inner Flame              Hex/Fire       #######.     0%          3    None
 Ozocubu's Armour         Chrm/Ice       #######.     0%          3    None
 Portal Projectile        Hex/Tloc       ######       0%          3    None
 Spectral Weapon          Hex/Chrm       #######.     0%          3    None
 Spider Form              Tmut/Pois      #######...   0%          3    None
 Static Discharge         Conj/Air       #######.     0%          3    None
 Stone Arrow              Conj/Erth      ######       0%          3    None
 Summon Guardian Golem    Hex/Summ       #######.     0%          3    None
 Teleport Other           Tloc           #######.     0%          3    None
 Tukima's Dance           Hex            #######.     0%          3    None
 Cause Fear               Hex            #######...   0%          4    None
 Force Lance              Conj/Tloc      #######.     0%          4    None
 Ice Form                 Ice/Tmut       #######.     0%          4    None
 Leda's Liquefaction      Hex/Erth       #######...   0%          4    None
 Olgreb's Toxic Radiance  Pois           #######.     0%          4    None
 Petrify                  Tmut/Erth      #######.     0%          4    None
 Sticky Flame             Conj/Fire      #######.     0%          4    None
 Summon Ice Beast         Ice/Summ       #######.     0%          4    None
 Summon Lightning Spire   Summ/Air       #######.     0%          4    None
 Throw Icicle             Conj/Ice       #######.     0%          4    None
 Agony                    Necr           #######.     1%          5    None
 Alistair's Intoxication  Tmut/Pois      #######.     1%          5    None
 Blade Hands              Tmut           #######...   1%          5    None
 Bolt of Draining         Conj/Necr      #######...   1%          5    None
 Bolt of Magma            Conj/Fire/Erth #######...   1%          5    None
 Borgnjor's Vile Clutch   Necr/Erth      #######...   1%          5    None
 Dispel Undead            Necr           #######.     1%          5    None
 Excruciating Wounds      Chrm/Necr      #######...   1%          5    None
 Fireball                 Conj/Fire      #######...   1%          5    None
 Iskenderun's Battlesphe  Conj/Chrm      #######.     1%          5    None
 Lightning Bolt           Conj/Air       #######...   1%          5    None
 Metabolic Englaciation   Hex/Ice        #######...   1%          5    None
 Silence                  Hex/Air        #######...   1%          5    None
 Summon Mana Viper        Hex/Summ       #######.     1%          5    None
 Venom Bolt               Conj/Pois      #######...   1%          5    None
 Yara's Violent Unravell  Hex/Tmut       #######...   1%          5    None
 Bolt of Cold             Conj/Ice       #######...   1%          6    ###....
 Bolt of Fire             Conj/Fire      #######...   1%          6    ###....
 Conjure Ball Lightning   Conj/Air       #######...   1%          6    ###....
 Dispersal                Tloc           #######...   1%          6    ###....
 Freezing Cloud           Conj/Ice/Air   #######...   1%          6    ###....
 Hydra Form               Tmut           #######...   1%          6    ###....
 Iron Shot                Conj/Erth      #######...   1%          6    ###....
 Ozocubu's Refrigeration  Ice            #######...   1%          6    ###....
 Poison Arrow             Conj/Pois      #######...   1%          6    ###....
 Shadow Creatures         Summ           N/A          1%          6    ###....
 Simulacrum               Ice/Necr       #######...   1%          6    ###....
 Dragon Form              Tmut           #######...   1%          7    #####..
 Malign Gateway           Summ/Tloc      #######...   1%          7    #####..
 Monstrous Menagerie      Summ           #######...   1%          7    #####..
 Orb of Destruction       Conj           #######...   1%          7    #####..
 Spellforged Servitor     Conj/Summ      #######...   1%          7    #####..
 Summon Greater Demon     Summ           #######...   1%          7    #####..
 Summon Hydra             Summ           #######...   1%          7    #####..
 Chain Lightning          Conj/Air       #######...   1%          8    ######.
 Disjunction              Tloc           #######...   1%          8    ######.
 Ignition                 Fire           #######...   1%          8    ######.
 Lehudib's Crystal Spear  Conj/Erth      #######...   1%          8    ######.
 Summon Horrible Things   Summ           #######...   1%          8    ######.
 Dragon's Call            Summ           #######...   19%         9    #######
 Fire Storm               Conj/Fire      #######...   19%         9    #######
 Glaciate                 Conj/Ice       #######...   19%         9    #######
 Shatter                  Erth           #######...   19%         9    #######
 Tornado                  Air            #######...   19%         9    #######


Dungeon Overview and Level Annotations

Branches:
Dungeon (15/15)            Temple (0/1) D:6            Lair (6/6) D:9
 Shoals (4/4) Lair:2        Snake (4/4) Lair:4        Slime (5/5) Lair:5
    Orc (2/2) D:11            Elf (3/3) Orc:2        Vaults (5/5) D:14
  Crypt (3/3) Vaults:2       Tomb (0/3) Crypt:3      Depths (5/5) D:15
   Hell (visited)             Dis (0/7) Hell            Geh (0/7) Hell
    Coc (7/7) Hell            Tar (0/7) Hell            Zot (0/5) Depths:5
  Sewer (visited)         Ossuary (visited)           IceCv (visited)
 WizLab (visited)

Altars:
Ashenzari
Cheibriados
Elyvilon
Fedhas
Gozag
Makhleb
Nemelex Xobeh
Okawaru
Qazlal
Sif Muna
Vehumet
Xom
Yredelemnul
Zin
The Shining One
Beogh
Jiyva

Shops:
D:5 =   D:6 (   D:9 }%[   Orc:1 :   Orc:2 ?[([   Shoals:1 }   Vaults:3 *
Depths:1 *%(?   Depths:2 }=}

Portals:
Hell: Depths:1 Depths:2 Depths:3 Depths:4 Depths:5
Abyss: Depths:3 Depths:4
Pandemonium: Depths:2 Depths:3

Annotations:
D:4 exclusion: downstairs
Slime:4 exclusion: downstairs


Innate Abilities, Weirdness & Mutations

Your experience applies equally to all skills.
You have very sharp teeth.
Your uncanny sense of smell can sniff out nearby items.
((You are partially covered in molten scales. (AC +2)))
Your flesh is cold resistant. (rC+)
You are robust. (+10% HP)


Message History

* * * LOW HITPOINT WARNING * * *
The entropy weaver misses you.
The entropy weaver completely misses you.
The entropy weaver hits you!
* * * LOW HITPOINT WARNING * * *
The entropy weaver hits you!
* * * LOW HITPOINT WARNING * * *
The entropy weaver hits you!
* * * LOW HITPOINT WARNING * * *
The entropy weaver hits you!
* * * LOW HITPOINT WARNING * * *
The entropy weaver hits you!
* * * LOW HITPOINT WARNING * * *
The demonic crawler misses you. The demonic crawler closely misses you.
The demonic crawler hits you but does no damage.
You continue putting on the +2 shield of Sin {rCorr Str+4 Int-2 Stlth+}.
The redback completely misses you. The wolf spider barely misses you.
The wolf spider misses you. The demonic crawler barely misses you.
The demonic crawler closely misses you. x2; The entropy weaver hits you!
You die...

.............
...........s...▓
................▓▓
.................▓▓
.....sss......!/?!▓
....sa°a......$=$?▓
....s†.......ssas)▓▓
......†......ssass?▓
.............sws8a▓
..............sasa▓
.......s......ssss▓
........s....ssss▓▓
................▓▓
...............▓
..............▓
......▓▓▓▓ .▓▓▓▓


You could see 2 emperor scorpions, 5 entropy weavers, a torpor snail, 4 demonic
crawlers, 2 wolf spiders, 3 orb spiders, 2 jumping spiders, 3 tarantellas and 4
redbacks.

Vanquished Creatures
  Antaeus (Coc:7)
  the Royal Jelly (Slime:5)
  An orb of fire (Zig:3)
  2 ancient liches
  2 juggernauts (Depths:4)
  19 shard shrikes
  The ghost of SlowGraham the Earth Mage, a veteran FoEE of Vehumet (Elf:2)
  A shard shrike (shapeshifter) (Depths:3)
  Saint Roka (Vaults:2)
  12 caustic shrikes (Depths:2)
  Geryon (Hell)
  Nikola (Elf:2)
  4 golden dragons
  the Enchantress (Depths:4)
  6 bone dragons
  Jorgrun (Shoals:1)
  Rupert (D:14)
  5 tentacled monstrosities
  13 titans
  18 Ice Fiends
  7 liches
  8 deep elf blademasters
  6 deep elf master archers
  A quicksilver dragon (Vaults:5)
  33 acid blobs
  4 ancient champions
  Gastronok (D:11)
  3 krakens (Shoals:4)
  An eldritch tentacle (Coc:7)
  6 sphinxes
  Agnes (Snake:2)
  4 draconian monks
  7 shadow dragons
  6 tengu reavers
  8 storm dragons
  Donald (Lair:4)
  19 azure jellies
  Roxanne (D:14)
  17 frost giants
  Ilsuiw (Shoals:2)
  6 fire giants
  11 nagarajas
  2 draconian scorchers
  A balrug (Hell)
  2 draconian knights
  15 vault wardens
  6 iron dragons
  8 deep elf sorcerers
  An orc warlord (Orc:2)
  Aizul (Snake:1)
  A draconian shifter (Zig:9)
  4 ghouls
  2 curse skulls
  5 spriggan defenders
  3 deep elf elementalists
  2 draconian stormcallers
  11 reapers
  12 ironheart preservers
  4 elemental wellsprings
  2 draconian annihilators
  2 juggernaut zombies
  11 war gargoyles
  2 blood saints
  22 very ugly things
  3 black draconians
  9 vampire knights
  11 deep elf demonologists
  35 stone giants
  A lorocyproca (Vaults:2)
  Azrael (D:13)
  2 green draconians
  7 spark wasps (Depths:2)
  4 white draconians
  3 yellow draconians
  2 purple draconians
  13 deep elf annihilators
  2 green deaths (Hell)
  2 eidola
  Snorg (Lair:4)
  8 merfolk javelineers
  2 merfolk impalers
  13 crystal guardians
  7 deep elf death magi
  17 ettins
  16 blizzard demons
  Josephine (D:11)
  6 death oozes
  11 ogre magi
  3 jiangshi (Crypt:1)
  The ghost of Ciata the Cleaver, a journeyman MiBe of Trog (Orc:1)
  A quicksilver dragon zombie (Coc:7)
  23 yaktaur captains
  10 fire dragons
  3 kraken zombies
  7 deep elf high priests
  15 great orbs of eyes
  4 rakshasas
  32 ice dragons
  30 vault guards
  Harold (D:8)
  Erolcha (D:13)
  18 naga warriors
  11 hydras
  An alligator snapping turtle (shapeshifter) (Depths:3)
  A catoblepas (Lair:6)
  A hell beast (Depths:5)
  37 two-headed ogres
  4 merfolk avatars
  7 spriggan air magi
  4 alligator snapping turtles
  A juggernaut simulacrum (Depths:2)
  12 centaur warriors
  A satyr (Shoals:4)
  50 dancing weapons
  7 anacondas
  2 death knights (Crypt:1)
  6 deep troll shamans
  6 merfolk aquamancers
  A hell hog (Zig:10)
  5 death yaks
  3 thrashing horrors
  5 titan zombies
  11 naga sharpshooters
  9 deep troll earth magi
  A death yak (shapeshifter) (Depths:3)
  4 vampire magi
  6 small abominations
  A tengu warrior (Depths:2)
  4 spriggan berserkers
  6 shock serpents
  6 soul eaters
  6 titan skeletons
  2 sun demons (Hell)
  16 deep elf knights
  4 wretched stars
  A storm dragon zombie (Depths:4)
  29 hell knights
  A salamander mystic (Snake:2)
  A fire crab (Zig:3)
  A deep troll (shapeshifter) (Vaults:5)
  3 golden dragon zombies
  2 fire crabs (shapeshifter)
  3 iron trolls
  67 skeletal warriors
  5 shadow wraiths
  3 unseen horrors
  11 anaconda zombies
  A glowing orange brain (shapeshifter) (Depths:3)
  8 sea snakes
  An unseen horror (shapeshifter) (Depths:1)
  4 kraken simulacra
  2 shadow demons
  An orange crystal statue (Zig:2)
  2 wizards
  A torturous demonspawn (Depths:2)
  A death drake (shapeshifter) (Vaults:5)
  37 deep trolls
  A sea snake (shapeshifter) (Depths:3)
  3 lindwurms (shapeshifter)
  3 flayed ghosts
  11 naga ritualists
  A shadow dragon zombie (Coc:7)
  6 obsidian statues
  6 storm dragon skeletons
  9 glowing orange brains
  11 phantasmal warriors
  13 orc knights
  15 necromancers
  A ghost moth zombie (Crypt:2)
  2 golden dragon skeletons
  10 deep elf archers
  An orb spider (Zig:2)
  A wolf spider zombie (Coc:3)
  14 mana vipers
  A sphinx zombie (Depths:2)
  16 ironbrand convokers
  12 harpies
  58 deep elf magi
  3 frost giant zombies
  2 orc sorcerers
  3 stone giant zombies
  3 anaconda skeletons
  3 wolf spiders
  55 ugly things
  2 iron dragon zombies
  An oklob plant (Lair:6)
  6 fire giant zombies
  13 salamanders
  12 cyclopes
  5 manticores
  A salamander (shapeshifter) (Vaults:1)
  12 shining eyes
  2 fauns (Shoals:4)
  8 elephants (Lair:6)
  A shadow dragon skeleton (Coc:4)
  An elephant (shapeshifter) (Vaults:2)
  3 iron dragon skeletons
  A dire elephant zombie (Coc:1)
  3 fire giant skeletons
  4 frost giant skeletons
  2 moths of wrath (shapeshifter) (Depths:3)
  15 merfolk sirens
  A black mamba (shapeshifter) (Depths:1)
  42 black mambas
  6 rust devils
  4 guardian serpents
  7 titan simulacra (Coc:7)
  4 smoke demons
  3 molten gargoyles (Depths:3)
  5 stone giant skeletons
  19 vault sentinels
  6 water nymphs
  3 ice statues
  8 spiny frogs
  26 naga magi
  3 eyes of devastation
  An orange demon (WizLab)
  10 gargoyles
  A torpor snail (Zig:2)
  A spiny frog (shapeshifter) (Vaults:5)
  A hellion (Hell)
  5 rime drakes
  2 centaur skeletons
  3 komodo dragons
  2 dire elephant skeletons
  3 storm dragon simulacra (Coc:7)
  2 emperor scorpion zombies
  2 spriggan zombies (Depths:1)
  38 ice devils
  A komodo dragon (shapeshifter) (Depths:3)
  A yaktaur (shapeshifter) (Vaults:4)
  A catoblepas zombie (Coc:4)
  2 demonic crawlers
  13 tormentors
  3 efreet
  44 freezing wraiths
  8 tengu conjurers
  3 anaconda simulacra (Coc:7)
  An ancient zyme (Zig:10)
  53 yaktaurs
  30 merfolk
  5 red devils
  3 trolls
  17 polar bears
  6 meliai
  16 hydra zombies
  A jumping spider (shapeshifter) (Vaults:5)
  A troll (shapeshifter) (Vaults:5)
  7 wind drakes
  A wolf spider simulacrum (Coc:7)
  A polar bear (shapeshifter) (Vaults:1)
  A pale draconian skeleton (Crypt:2)
  3 harpy zombies
  2 jumping spiders (Zig:13)
  A wind drake (shapeshifter) (Depths:3)
  7 hornets
  A harpy skeleton (Coc:6)
  7 bog bodies
  104 slime creatures
  An ettin zombie (Coc:2)
  3 fire dragon zombies
  2 ice dragon zombies
  A frost giant simulacrum (Coc:7)
  9 raiju
  14 dream sheep
  15 blink frogs
  7 hydra skeletons
  9 alligator zombies
  12 snapping turtles
  Prince Ribbit (D:7)
  A blink frog (shapeshifter) (Depths:2)
  A human simulacrum (Vaults:1)
  13 hippogriffs
  5 ettin skeletons
  A slime creature (shapeshifter) (Depths:4)
  A fire dragon skeleton (Coc:5)
  2 tarantellas
  3 ice dragon skeletons
  10 large abominations
  A black mamba zombie (Crypt:1)
  3 fire giant simulacra
  71 flying skulls
  22 water elementals
  An alligator skeleton (Coc:5)
  12 shadows
  2 tarantellas (shapeshifter) (Depths:3)
  2 redbacks (Vaults:2)
  4 spriggans
  2 ynoxinuls
  9 air elementals
  19 wraiths
  A black mamba skeleton (Crypt:1)
  Eustachio (D:6)
  5 basilisks
  15 fire elementals
  21 golden eyes
  86 yaks
  A golden eye (shapeshifter) (Depths:3)
  16 humans (D:14)
  6 hungry ghosts
  A basilisk (shapeshifter) (Depths:3)
  6 wyverns
  4 steam dragons (Shoals:4)
  2 chaos spawn
  3 neqoxecs
  2 harpy simulacra (Coc:7)
  9 vampire mosquitoes
  2 acid dragons
  45 nagas
  5 wargs
  A water moccasin (shapeshifter) (D:15)
  4 insubstantial wisps (Depths:3)
  19 water moccasins
  9 hydra simulacra
  4 floating eyes
  20 spiny frog zombies
  43 orc warriors
  2 spiny frog skeletons
  7 hell hounds
  10 porcupines
  A deep troll skeleton (Crypt:1)
  2 alligator simulacra
  A black bear (Lair:6)
  3 ice dragon simulacra
  A manticore zombie (Crypt:3)
  3 ettin simulacra
  2 snapping turtle zombies
  16 ice beasts
  8 sky beasts
  34 ogres
  4 snapping turtle skeletons
  11 eyes of draining
  6 phantoms
  5 necrophages
  26 centaurs
  9 boggarts
  A black mamba simulacrum (Coc:2)
  18 wolves
  2 manticore skeletons
  3 swamp dragon skeletons
  11 crocodiles
  A bullfrog (shapeshifter) (Depths:2)
  A fire crab zombie (Crypt:2)
  6 big kobolds
  Blork the orc (D:5)
  2 elf zombies
  13 bullfrogs
  A merfolk simulacrum (Coc:5)
  13 earth elementals
  A water moccasin zombie (Crypt:1)
  A glowing shapeshifter simulacrum (Vaults:3)
  3 scorpions
  A troll zombie (Hell)
  10 killer bees
  20 wights
  A troll skeleton (Crypt:2)
  2 howler monkeys
  An electric eel (Lair:5)
  4 quasits
  9 crimson imps
  11 starcursed masses
  6 centaur zombies
  A bullfrog zombie (D:12)
  7 hounds
  2 jellies (D:9)
  42 orc wizards
  Crazy Yiuf (D:5)
  3 bullfrog skeletons
  28 orc priests
  3 iron imps (Hell)
  4 iguanas
  Terence (D:2)
  A human skeleton (Crypt:3)
  8 worker ants
  A tengu zombie (Crypt:1)
  A crocodile zombie (Crypt:1)
  3 hound zombies
  7 mummies
  11 adders
  2 river rats (Sewer)
  4 shadow imps
  36 white imps
  2 ufetubi
  2 adder skeletons (D:9)
  4 adder zombies
  An iguana skeleton (Crypt:1)
  A worm (shapeshifter) (Vaults:5)
  3 worms
  4 dart slugs
  3 leopard geckos
  125 orcs
  6 bats
  12 giant cockroaches
  4 goblins
  9 hobgoblins
  6 jackals
  4 quokkas
  10 frilled lizards
  A goblin skeleton (D:4)
  3 goblin zombies
  6 hobgoblin zombies
  34 kobolds
  A kobold skeleton (D:4)
  3 kobold zombies
  A leopard gecko skeleton (D:5)
  An orc skeleton (D:4)
  2 orc zombies
  A quokka skeleton (D:6)
  10 rats
  3 rat zombies (Ossuary)
  2 crawling corpses (Depths:2)
  5 plants
  16 tentacles
3358 creatures vanquished.

Vanquished Creatures (collateral kills)
  An entropy weaver (Vaults:2)
  A salamander mystic (Zig:11)
  A vault sentinel (Vaults:4)
  A freezing wraith (Vaults:4)
  A redback (Vaults:2)
5 creatures vanquished.

Vanquished Creatures (others)
  A titan (Hell)
  A deep elf master archer (Elf:3)
  An eldritch tentacle (Coc:2)
  A frost giant (Coc:4)
  2 elemental wellsprings
  A blizzard demon (Coc:7)
  A deep elf death mage (Elf:3)
  A rakshasa (Depths:2)
  2 yaktaur captains (Vaults:1)
  2 ice dragons
  2 centaur warriors
  A dancing weapon (Elf:2)
  2 satyrs (Shoals:4)
  3 naga sharpshooters
  A deep elf knight (Elf:2)
  A shadow wraith (Vaults:5)
  A naga ritualist (Zig:12)
  2 ironbrand convokers
  4 deep elf archers
  An ugly thing (Depths:3)
  A deep elf mage (Elf:2)
  A cyclops (Shoals:4)
  A manticore (Shoals:2)
  A faun (Shoals:4)
  A frost giant skeleton (Coc:7)
  A naga mage (Zig:11)
  A rime drake (IceCv)
  11 yaktaurs
  A slime creature (Slime:1)
  3 yaks (IceCv)
  A naga (Snake:4)
  A hydra simulacrum (Coc:7)
  A snapping turtle zombie (Coc:7)
  3 centaurs
  A wolf (IceCv)
  A boggart (Vaults:2)
  A white imp (Coc:7)
  14 ball lightnings (Depths:3)
  2 orcs
  A kobold (D:9)
  5 fungi
  9 plants
  45 tentacles
138 creatures vanquished.

Grand Total: 3501 creatures vanquished

Notes
Turn   | Place    | Note
-------+----------+-------------------------------------------
     0 | D:1      | grindst0ne the Gnoll Wanderer began the quest for the Orb.
     0 | D:1      | grindst0ne set off with the following items: a +2 mace, a
                  | potion of lignification, a +0 robe, a ration; and the
                  | following spells available to memorise: Blink, Shroud of
                  | Golubria
     0 | D:1      | Reached XP level 1. HP: 17/17 MP: 8/8
   128 | D:1      | Reached XP level 2. HP: 23/23 MP: 10/10
   400 | D:1      | Reached XP level 3. HP: 28/28 MP: 11/11
   625 | D:2      | Reached skill level 1 in Invocations
   651 | D:2      | Learned a level 2 spell: Blink
   654 | D:2      | Learned a level 2 spell: Shroud of Golubria
   692 | D:2      | You fall into a shaft and drop 2 floors!
   718 | D:4      | Noticed an ogre
   732 | D:4      | Killed an ogre
   732 | D:4      | Reached skill level 1 in Short Blades
   732 | D:4      | Reached skill level 1 in Long Blades
   732 | D:4      | Reached skill level 1 in Axes
   732 | D:4      | Reached skill level 1 in Polearms
   732 | D:4      | Reached skill level 1 in Staves
   732 | D:4      | Reached skill level 1 in Slings
   732 | D:4      | Reached skill level 1 in Bows
   732 | D:4      | Reached skill level 1 in Crossbows
   732 | D:4      | Reached skill level 1 in Throwing
   732 | D:4      | Reached skill level 1 in Armour
   732 | D:4      | Reached skill level 1 in Dodging
   732 | D:4      | Reached skill level 1 in Stealth
   732 | D:4      | Reached skill level 1 in Shields
   732 | D:4      | Reached skill level 1 in Unarmed Combat
   732 | D:4      | Reached skill level 1 in Conjurations
   732 | D:4      | Reached skill level 1 in Hexes
   732 | D:4      | Reached skill level 1 in Charms
   732 | D:4      | Reached skill level 1 in Summonings
   732 | D:4      | Reached skill level 1 in Necromancy
   732 | D:4      | Reached skill level 1 in Translocations
   732 | D:4      | Reached skill level 1 in Transmutations
   732 | D:4      | Reached skill level 1 in Fire Magic
   732 | D:4      | Reached skill level 1 in Earth Magic
   732 | D:4      | Reached skill level 1 in Poison Magic
   732 | D:4      | Reached XP level 4. HP: 34/34 MP: 13/13
   732 | D:4      | Reached XP level 5. HP: 40/40 MP: 14/14
   831 | D:3      | Found an iron altar of Okawaru.
   837 | D:3      | Became a worshipper of Warmaster Okawaru
  1139 | D:2      | Noticed Terence
  1147 | D:2      | Killed Terence
  1316 | D:2      | Found a snail-covered altar of Cheibriados.
  1684 | D:3      | Reached XP level 6. HP: 43/47 MP: 16/16
  2129 | D:4      | Found a shimmering blue altar of Sif Muna.
  2193 | D:4      | Found a glowing golden altar of the Shining One.
  2714 | D:5      | Entered Level 5 of the Dungeon
  2750 | D:5      | Reached skill level 5 in Maces & Flails
  2750 | D:5      | Reached skill level 5 in Evocations
  2842 | D:5      | Noticed a phantom
  2912 | D:5      | Killed a phantom
  2935 | D:5      | Found a sparkling altar of Nemelex Xobeh.
  2945 | D:5      | Noticed Blork the orc
  2956 | D:5      | Killed Blork the orc
  2956 | D:5      | Reached * piety under Okawaru
  2956 | D:5      | Reached XP level 7. HP: 36/52 MP: 18/18
  3821 | D:5      | Reached ** piety under Okawaru
  3900 | D:5      | Reached XP level 8. HP: 32/60 MP: 19/19
  4112 | D:5      | Found Cuabrige's Jewellery Shoppe.
  4236 | D:5      | Found a runed translucent door.
  4237 | D:5      | Noticed Crazy Yiuf
  4245 | D:5      | Killed Crazy Yiuf
  4411 | D:6      | Found a staircase to the Ecumenical Temple.
  4506 | D:6      | Noticed Eustachio
  4527 | D:6      | Killed Eustachio
  4910 | D:6      | Found a glowing drain.
  4924 | D:6      | Reached *** piety under Okawaru
  4951 | D:6      | Reached XP level 9. HP: 13/66 MP: 17/21
  4966 | Sewer    | Entered a sewer
  5353 | Sewer    | Found a white marble altar of Elyvilon.
  5914 | D:6      | Found Ofatupn's Antique Weapon Shoppe.
  6005 | D:7      | Noticed Prince Ribbit
  6014 | D:7      | Killed Prince Ribbit
  6014 | D:7      | Received a gift from Okawaru
  6014 | D:7      | Reached skill level 5 in Fighting
  6100 | D:7      | Found a sparkling altar of Nemelex Xobeh.
  6100 | D:7      | Found an opulent altar of Gozag.
  6330 | D:7      | Found a sand-covered staircase.
  6336 | Ossuary  | Entered an ossuary
  6356 | Ossuary  | Gained mutation: Your spells are a little harder to cast,
                  | but a little more powerful. [potion of mutation]
  6356 | Ossuary  | Gained mutation: You have sharp toenails. [potion of
                  | mutation]
  6356 | Ossuary  | Gained mutation: You are agile. (Dex +2) [potion of
                  | mutation]
  6357 | Ossuary  | Reached skill level 5 in Invocations
  6368 | Ossuary  | Reached **** piety under Okawaru
  6956 | D:7      | Found a stormy altar of Qazlal.
  7008 | D:7      | Found a burning altar of Makhleb.
  7013 | D:7      | Reached XP level 10. HP: 26/74 MP: 22/22
  7183 | D:7      | Found a glowing golden altar of the Shining One.
  7289 | D:7      | Found a radiant altar of Vehumet.
  7289 | D:7      | Found a glowing silver altar of Zin.
  7858 | D:8      | Reached skill level 5 in Short Blades
  7858 | D:8      | Reached skill level 5 in Long Blades
  7858 | D:8      | Reached skill level 5 in Axes
  7858 | D:8      | Reached skill level 5 in Polearms
  7858 | D:8      | Reached skill level 5 in Staves
  7858 | D:8      | Reached skill level 5 in Slings
  7858 | D:8      | Reached skill level 5 in Bows
  7858 | D:8      | Reached skill level 5 in Crossbows
  7858 | D:8      | Reached skill level 5 in Throwing
  7858 | D:8      | Reached skill level 5 in Armour
  7858 | D:8      | Reached skill level 5 in Dodging
  7858 | D:8      | Reached skill level 5 in Stealth
  7858 | D:8      | Reached skill level 5 in Shields
  7858 | D:8      | Reached skill level 5 in Unarmed Combat
  8145 | D:8      | Found a runed translucent door.
  8146 | D:8      | Found a runed translucent door.
  8427 | D:8      | Noticed Harold
  8448 | D:8      | Killed Harold
  8448 | D:8      | Reached ***** piety under Okawaru
  8448 | D:8      | Received a gift from Okawaru
  8933 | D:8      | Reached skill level 5 in Ice Magic
  8933 | D:8      | Reached skill level 5 in Air Magic
  9132 | D:8      | Found a blossoming altar of Fedhas.
  9902 | D:9      | Reached XP level 11. HP: 63/82 MP: 24/24
 10127 | D:9      | Noticed a two-headed ogre
 10141 | D:9      | Killed a two-headed ogre
 10141 | D:9      | Received a gift from Okawaru
 10141 | D:9      | Reached skill level 5 in Conjurations
 10141 | D:9      | Reached skill level 5 in Hexes
 10141 | D:9      | Reached skill level 5 in Charms
 10141 | D:9      | Reached skill level 5 in Summonings
 10141 | D:9      | Reached skill level 5 in Necromancy
 10141 | D:9      | Reached skill level 5 in Translocations
 10141 | D:9      | Reached skill level 5 in Transmutations
 10141 | D:9      | Reached skill level 5 in Fire Magic
 10141 | D:9      | Reached skill level 5 in Earth Magic
 10141 | D:9      | Reached skill level 5 in Poison Magic
 10144 | D:9      | Got a slimy helmet {god gift}
 10155 | D:9      | Identified the +1 helmet "Xisuuv" {+Fly rN++ Int-2 Stlth+}
                  | (Okawaru gifted it to you on level 9 of the Dungeon)
 10160 | D:9      | Found a staircase to the Lair.
 10291 | D:9      | Found Cais Rup's Food Emporium.
 10351 | D:9      | Found Plog's Antique Armour Emporium.
 10537 | D:9      | Bought a pair of runed gloves for 172 gold pieces
 10712 | D:9      | Found Komp's Gadget Emporium.
 10745 | D:9      | Found a shimmering altar of Xom.
 10872 | D:10     | Entered Level 10 of the Dungeon
 11636 | D:10     | Killed an unseen horror
 11645 | D:10     | Noticed a manticore
 11654 | D:10     | Killed a manticore
 12050 | Lair:1   | Entered Level 1 of the Lair of Beasts
 12139 | Lair:1   | Reached XP level 12. HP: 51/91 MP: 25/25
 12491 | Lair:1   | Reached ****** piety under Okawaru
 12614 | Lair:1   | Received a gift from Okawaru
 12614 | Lair:1   | Reached skill level 10 in Spellcasting
 12915 | Lair:1   | Received a gift from Okawaru
 12977 | Lair:1   | Received a gift from Okawaru
 12986 | Lair:1   | Got a brightly glowing great sword {god gift}
 12987 | Lair:1   | Identified the +9 great sword of the Pyrrhic Victory
                  | {slice, MR+} (Okawaru gifted it to you on level 1 of the
                  | Lair of Beasts)
 14331 | Lair:2   | Found a staircase to the Shoals.
 14961 | Lair:3   | Noticed a six-headed hydra
 14965 | Lair:3   | Killed a six-headed hydra
 15091 | Lair:3   | Identified the Volume of Enchanting Changing
 15716 | Lair:4   | Reached XP level 13. HP: 98/98 MP: 27/27
 15855 | Lair:4   | Received a gift from Okawaru
 16386 | Lair:4   | Noticed Snorg
 16399 | Lair:4   | Killed Snorg
 16399 | Lair:4   | Received a gift from Okawaru
 16404 | Lair:4   | Got a translucent helmet {god gift}
 16415 | Lair:4   | Identified the +2 helmet of the Moon {Regen+ rCorr}
                  | (Okawaru gifted it to you on level 4 of the Lair of Beasts)
 16594 | Lair:4   | Found a staircase to the Snake Pit.
 17248 | Lair:5   | Found a frozen archway.
 17261 | IceCv    | Entered an ice cave
 17742 | IceCv    | Received a gift from Okawaru
 17901 | IceCv    | Noticed a white draconian
 17916 | IceCv    | Killed a white draconian
 17916 | IceCv    | Reached XP level 14. HP: 108/108 MP: 29/29
 18000 | IceCv    | Identified the Papyrus of Infinity
 18565 | Lair:5   | Found a viscous altar of Jiyva.
 18565 | Lair:5   | Found a staircase to the Slime Pits.
 18665 | Lair:6   | Entered Level 6 of the Lair of Beasts
 18832 | Lair:5   | Reached skill level 10 in Maces & Flails
 18832 | Lair:5   | Reached skill level 10 in Evocations
 19001 | Lair:6   | Learned a level 2 spell: Song of Slaying
 19005 | Lair:6   | Learned a level 3 spell: Regeneration
 19079 | Lair:6   | Found a stormy altar of Qazlal.
 19160 | Lair:6   | Received a gift from Okawaru
 19297 | Lair:6   | Learned a level 2 spell: Passwall
 19310 | Lair:6   | Received a gift from Okawaru
 19333 | Lair:6   | Reached skill level 10 in Invocations
 19333 | Lair:6   | Reached XP level 15. HP: 115/115 MP: 30/30
 19494 | Lair:6   | Received a gift from Okawaru
 19539 | Lair:6   | Received a gift from Okawaru
 20163 | D:11     | Found a staircase to the Orcish Mines.
 20172 | D:11     | Reached skill level 10 in Fighting
 20350 | D:11     | Noticed Josephine
 20472 | D:11     | Killed Josephine
 20488 | D:11     | Noticed Gastronok
 20606 | D:11     | Killed Gastronok
 20740 | D:11     | Found a roughly hewn altar of Beogh.
 20758 | D:11     | Received a gift from Okawaru
 20806 | D:11     | Found a blossoming altar of Fedhas.
 21227 | D:12     | Received a gift from Okawaru
 21380 | D:12     | Reached XP level 16. HP: 106/122 MP: 25/31
 21836 | D:13     | Noticed Azrael
 21924 | D:13     | Killed Azrael
 21984 | D:13     | Reached skill level 10 in Short Blades
 21984 | D:13     | Reached skill level 10 in Long Blades
 21984 | D:13     | Reached skill level 10 in Axes
 21984 | D:13     | Reached skill level 10 in Polearms
 21984 | D:13     | Reached skill level 10 in Staves
 21984 | D:13     | Reached skill level 10 in Slings
 21984 | D:13     | Reached skill level 10 in Bows
 21984 | D:13     | Reached skill level 10 in Crossbows
 21984 | D:13     | Reached skill level 10 in Throwing
 21984 | D:13     | Reached skill level 10 in Armour
 21984 | D:13     | Reached skill level 10 in Dodging
 21984 | D:13     | Reached skill level 10 in Stealth
 21984 | D:13     | Reached skill level 10 in Shields
 21984 | D:13     | Reached skill level 10 in Unarmed Combat
 22235 | D:13     | Noticed Erolcha
 22245 | D:13     | Killed Erolcha
 22546 | D:14     | Found a gate to the Vaults.
 22546 | D:14     | Noticed Rupert
 22552 | D:14     | Received a gift from Okawaru
 22560 | D:14     | Killed Rupert
 23852 | D:14     | Identified the +7 flail of Ru's Scorn {holy, Int+7 Dex+2}
                  | (You found it on level 14 of the Dungeon)
 23860 | D:14     | Noticed Roxanne
 23897 | D:14     | Killed Roxanne
 23897 | D:14     | Received a gift from Okawaru
 24234 | D:15     | Entered Level 15 of the Dungeon
 24330 | D:15     | Received a gift from Okawaru
 24456 | D:15     | Got a polished battleaxe {god gift}
 24466 | D:15     | Identified the +8 battleaxe of Jytu Tui {chop, rF+}
                  | (Okawaru gifted it to you on level 15 of the Dungeon)
 24948 | D:15     | Found a staircase to the Depths.
 25398 | D:15     | Found a white marble altar of Elyvilon.
 25516 | Orc:1    | Entered Level 1 of the Orcish Mines
 25526 | Orc:1    | Found Ofeah's Book Shop.
 25700 | Orc:1    | Received a gift from Okawaru
 25823 | Orc:2    | Entered Level 2 of the Orcish Mines
 25823 | Orc:2    | Found a staircase to the Elven Halls.
 25866 | Orc:1    | Reached XP level 17. HP: 116/131 MP: 28/33
 26067 | Orc:1    | Found a transporter.
 26070 | Orc:1    | Found the +8 mithril axe "Arga" {speed, MR+}
 26079 | Orc:1    | Noticed Ciata's ghost (journeyman MiBe)
 26081 | Orc:1    | Identified the +5 great mace of Flawed Execution {drain,
                  | rPois Str+2}
 26132 | Orc:1    | Found a transporter.
 26156 | Orc:1    | Killed Ciata's ghost
 26431 | Orc:2    | Found a roughly hewn altar of Beogh.
 26444 | Orc:2    | Found Xasaol's Antique Armour Boutique.
 26511 | Orc:2    | Found a roughly hewn altar of Beogh.
 26663 | Orc:2    | Found a roughly hewn altar of Beogh.
 26707 | Orc:2    | Found a roughly hewn altar of Beogh.
 26875 | Orc:2    | Found Ashruot's Antique Weapon Emporium.
 26876 | Orc:2    | Found a roughly hewn altar of Beogh.
 26879 | Orc:2    | Found Immak's Antique Armour Shoppe.
 27009 | Orc:2    | Found a roughly hewn altar of Beogh.
 27173 | Orc:2    | Found a roughly hewn altar of Beogh.
 27231 | Orc:2    | Found a roughly hewn altar of Beogh.
 27248 | Orc:2    | Found Tiyna's Magic Scroll Boutique.
 27256 | Orc:2    | Bought a scroll of acquirement for 572 gold pieces
 27628 | Snake:1  | Entered Level 1 of the Snake Pit
 27688 | Snake:1  | Received a gift from Okawaru
 27718 | Snake:1  | Noticed Donald
 27740 | Lair:4   | Killed Donald
 27849 | Snake:1  | Received a gift from Okawaru
 27854 | Snake:1  | Noticed Aizul
 27871 | Snake:1  | Killed Aizul
 28044 | Snake:1  | Learned a level 3 spell: Mephitic Cloud
 28048 | Snake:1  | Learned a level 3 spell: Confuse
 28126 | Snake:1  | You fall into a shaft and drop 1 floor!
 28126 | Snake:2  | Noticed Agnes
 28253 | Snake:2  | Received a gift from Okawaru
 28567 | Snake:2  | Killed Agnes
 28689 | Snake:2  | Received a gift from Okawaru
 28715 | Snake:2  | Got a pitted helmet
 28722 | Snake:2  | Identified the +4 helmet of the Realm of Zot {+Fly MR+}
                  | (You found it on level 2 of the Snake Pit)
 28842 | Snake:2  | Found an opulent altar of Gozag.
 29054 | Snake:3  | Received a gift from Okawaru
 29218 | Snake:3  | Reached skill level 10 in Ice Magic
 29218 | Snake:3  | Reached skill level 10 in Air Magic
 29452 | Snake:3  | Reached XP level 18. HP: 84/139 MP: 33/35
 29880 | Snake:4  | Entered Level 4 of the Snake Pit
 29939 | Snake:4  | Received a gift from Okawaru
 30510 | Snake:4  | Learned a level 5 spell: Lee's Rapid Deconstruction
 30574 | Snake:4  | Reached skill level 10 in Conjurations
 30574 | Snake:4  | Reached skill level 10 in Hexes
 30574 | Snake:4  | Reached skill level 10 in Charms
 30574 | Snake:4  | Reached skill level 10 in Summonings
 30574 | Snake:4  | Reached skill level 10 in Necromancy
 30574 | Snake:4  | Reached skill level 10 in Translocations
 30574 | Snake:4  | Reached skill level 10 in Transmutations
 30574 | Snake:4  | Reached skill level 10 in Fire Magic
 30574 | Snake:4  | Reached skill level 10 in Earth Magic
 30574 | Snake:4  | Reached skill level 10 in Poison Magic
 31052 | Snake:4  | Received a gift from Okawaru
 31446 | Snake:4  | Received a gift from Okawaru
 31447 | Snake:4  | Found the +14 obsidian axe {chop, +Fly SInv *Curse}
 31616 | Snake:4  | Got a serpentine rune of Zot
 32177 | Shoals:1 | Entered Level 1 of the Shoals
 32284 | Shoals:1 | Found Kuiloitt's Gadget Boutique.
 32307 | Shoals:1 | Bought a box of beasts for 260 gold pieces
 32307 | Shoals:1 | Bought a sack of spiders for 260 gold pieces
 32472 | Shoals:1 | Noticed Jorgrun
 32496 | Shoals:1 | Killed Jorgrun
 32496 | Shoals:1 | Received a gift from Okawaru
 32507 | Shoals:1 | Got a pair of slimy boots {god gift}
 32513 | Shoals:1 | Identified the +1 pair of boots of Trial and Error {Str+6}
                  | (Okawaru gifted it to you on level 1 of the Shoals)
 32883 | Shoals:1 | Found the ring of Phasing {EV+8}
 33191 | Shoals:2 | Reached XP level 19. HP: 123/147 MP: 32/36
 33498 | Shoals:2 | Noticed Ilsuiw
 33598 | Shoals:2 | Killed Ilsuiw
 34847 | Shoals:4 | Entered Level 4 of the Shoals
 35217 | Shoals:4 | Received a gift from Okawaru
 36464 | Shoals:4 | Got a barnacled rune of Zot
 36662 | Vaults:1 | Entered Level 1 of the Vaults
 37213 | Vaults:1 | Reached XP level 20. HP: 145/156 MP: 38/38
 38048 | Vaults:2 | Noticed Saint Roka
 38074 | Vaults:2 | Received a gift from Okawaru
 38106 | Vaults:2 | Killed Saint Roka
 38124 | Vaults:2 | Identified the +2 robe "Boucuext" {rF+ MR+ Int-4} (Okawaru
                  | gifted it to you on level 2 of the Vaults)
 38265 | Vaults:2 | Found a magical portal.
 38612 | Vaults:2 | Learned a level 6 spell: Statue Form
 38899 | D:5      | Bought an uncursed ring of wizardry for 390 gold pieces
 39230 | D:9      | Bought a runed robe for 85 gold pieces
 39416 | Vaults:2 | Found a staircase to the Crypt.
 39665 | Vaults:2 | Received a gift from Okawaru
 39966 | Vaults:2 | Received a gift from Okawaru
 40364 | Vaults:3 | Received a gift from Okawaru
 40430 | Vaults:3 | Reached XP level 21. HP: 163/163 MP: 32/39
 40466 | Vaults:3 | Received a gift from Okawaru
 40604 | Vaults:3 | Received a gift from Okawaru
 40831 | Vaults:3 | You fall into a shaft and drop 1 floor!
 40861 | Vaults:4 | Reached skill level 15 in Spellcasting
 41284 | Vaults:3 | Learned a level 5 spell: Irradiate
 41352 | Vaults:3 | Found Kinuoq's General Store.
 41389 | Vaults:3 | Bought a scroll of summoning for 171 gold pieces
 41389 | Vaults:3 | Bought a scroll of blinking for 135 gold pieces
 41389 | Vaults:3 | Bought a potion of might for 72 gold pieces
 41836 | Vaults:4 | Received a gift from Okawaru
 42038 | Vaults:4 | Identified the ring of Suspected Treachery {Slay+2 SInv}
 42048 | Vaults:4 | Received a gift from Okawaru
 42114 | Vaults:4 | Reached skill level 15 in Invocations
 42323 | Vaults:4 | Reached XP level 22. HP: 166/172 MP: 35/41
 42385 | Vaults:4 | Learned a level 2 spell: Sublimation of Blood
 42422 | Vaults:4 | Received a gift from Okawaru
 43042 | Elf:1    | Entered Level 1 of the Elven Halls
 43665 | Elf:2    | Found a runed translucent door.
 43668 | Elf:2    | Found a shimmering altar of Xom.
 43668 | Elf:2    | Noticed SlowGraham's ghost (veteran FoEE)
 43697 | Elf:2    | Killed SlowGraham's ghost
 43697 | Elf:2    | Received a gift from Okawaru
 43705 | Elf:2    | Identified the +0 cloak of Coronation {Regen+} (Okawaru
                  | gifted it to you on level 2 of the Elven Halls)
 43853 | Elf:2    | Noticed Nikola
 43870 | Elf:2    | Killed Nikola
 43967 | Elf:2    | Found a runed translucent door.
 44000 | Elf:2    | Found a runed translucent door.
 44481 | Elf:3    | Entered Level 3 of the Elven Halls
 44581 | Elf:3    | Gained mutation: Scrolls take you a little longer to read.
                  | [a cacodemon]
 44600 | Elf:3    | Reached skill level 15 in Maces & Flails
 44600 | Elf:3    | Reached skill level 15 in Evocations
 45274 | Elf:3    | Identified the +2 broad axe of Moral Flaws {flame, Int+3}
 45314 | Elf:3    | Identified the +4 leather armour of Free Will {+Inv Str+6
                  | Int-3 SInv}
 45391 | Elf:3    | Received a gift from Okawaru
 45402 | Elf:3    | Reached XP level 23. HP: 89/179 MP: 37/42
 45405 | Elf:3    | Received a gift from Okawaru
 45510 | Elf:3    | Identified the +10 hand crossbow "Zedenif" {elec, +Blink
                  | rF+++ Str+3 Dex-3} (You found it on level 3 of the Elven
                  | Halls)
 45579 | Elf:3    | Received a gift from Okawaru
 46012 | Depths:1 | Entered Level 1 of the Depths
 46047 | Depths:1 | Received a gift from Okawaru
 47588 | Depths:1 | Found Vujiyl's Magic Scroll Boutique.
 47613 | Depths:1 | Found Asowiqut's Weapon Boutique.
 47613 | Depths:1 | Found Ixzadaoc's Food Shop.
 47618 | Depths:1 | Found Uter's Assorted Antiques.
 47626 | Depths:1 | Bought a scroll of blinking for 315 gold pieces
 47633 | Depths:1 | Bought a scroll of acquirement for 624 gold pieces
 47639 | Depths:1 | Identified the amulet of Moodiness {Spirit rC+ MR+ Dex+3}
                  | (You acquired it on level 1 of the Depths)
 47722 | Depths:1 | Gained mutation: Scrolls take you longer to read. [a
                  | shining eye]
 47728 | Depths:1 | Gained mutation: Potions are less effective at restoring
                  | your health. [a shining eye]
 47729 | Depths:1 | Lost mutation: Your spells are a little harder to cast, but
                  | a little more powerful. [a shining eye]
 47733 | Depths:1 | Received a gift from Okawaru
 47747 | Depths:1 | Paralysed by a floating eye for 2 turns
 47753 | Depths:1 | Paralysed by a floating eye for 2 turns
 47756 | Depths:1 | Paralysed by a floating eye for 2 turns
 47972 | Depths:1 | Found a gateway to Hell.
 47984 | Depths:1 | Received a gift from Okawaru
 48151 | Depths:1 | Reached skill level 15 in Fighting
 48151 | Depths:1 | Reached skill level 15 in Armour
 48241 | Depths:2 | Received a gift from Okawaru
 48241 | Depths:2 | Reached skill level 15 in Shields
 48341 | Depths:2 | Found a portal to a secret trove of treasure.
 48589 | Depths:2 | Reached skill level 15 in Short Blades
 48589 | Depths:2 | Reached skill level 15 in Long Blades
 48589 | Depths:2 | Reached skill level 15 in Axes
 48589 | Depths:2 | Reached skill level 15 in Polearms
 48589 | Depths:2 | Reached skill level 15 in Staves
 48589 | Depths:2 | Reached skill level 15 in Slings
 48589 | Depths:2 | Reached skill level 15 in Bows
 48589 | Depths:2 | Reached skill level 15 in Crossbows
 48589 | Depths:2 | Reached skill level 15 in Throwing
 48589 | Depths:2 | Reached skill level 15 in Dodging
 48589 | Depths:2 | Reached skill level 15 in Stealth
 48589 | Depths:2 | Reached skill level 15 in Unarmed Combat
 48734 | Depths:2 | Noticed a caustic shrike
 48734 | Depths:2 | Noticed a caustic shrike
 48737 | Depths:2 | Noticed a caustic shrike
 48738 | Depths:2 | Reached XP level 24. HP: 189/189 MP: 27/43
 48741 | Depths:2 | Noticed a caustic shrike
 48746 | Depths:2 | Killed a caustic shrike
 48754 | Depths:2 | Killed a caustic shrike
 48836 | Depths:2 | Killed a caustic shrike
 48901 | Depths:2 | Received a gift from Okawaru
 48992 | Depths:2 | Noticed a caustic shrike
 48992 | Depths:2 | Noticed a caustic shrike
 49003 | Depths:2 | Killed a caustic shrike
 49007 | Depths:2 | Killed a caustic shrike
 49023 | Depths:2 | Killed a caustic shrike
 49033 | Depths:2 | Noticed a caustic shrike
 49046 | Depths:2 | Killed a caustic shrike
 49096 | Depths:2 | Received a gift from Okawaru
 49111 | Depths:2 | Learned a level 6 spell: Deflect Missiles
 49321 | Depths:2 | Learned a level 8 spell: Controlled Blink
 49401 | Depths:2 | Found Acigh's Gadget Boutique.
 49401 | Depths:2 | Found Syutol's Jewellery Emporium.
 49402 | Depths:2 | Found Pawn's Gadget Boutique.
 49419 | Depths:2 | Bought the amulet "Nuttaobu" {+Rage MR+ Str+3} for 824 gold
                  | pieces
 49466 | Depths:2 | Found a one-way gate leading to the halls of Pandemonium.
 49931 | Depths:2 | Received a gift from Okawaru
 50022 | Depths:2 | Noticed a caustic shrike
 50027 | Depths:2 | Noticed a caustic shrike
 50028 | Depths:2 | Killed a caustic shrike
 50029 | Depths:2 | Noticed a caustic shrike
 50031 | Depths:2 | Noticed a caustic shrike
 50031 | Depths:2 | Noticed a caustic shrike
 50038 | Depths:2 | Killed a caustic shrike
 50038 | Depths:2 | Received a gift from Okawaru
 50044 | Depths:2 | Killed a caustic shrike
 50050 | Depths:2 | Killed a caustic shrike
 50062 | Depths:2 | Killed a caustic shrike
 50091 | Depths:2 | Got a translucent arbalest {god gift}
 50100 | Depths:2 | Found the amulet of the Four Winds {rN+ MR+++ Clar}
 50446 | Depths:3 | Received a gift from Okawaru
 50643 | Depths:3 | Noticed a caustic shrike
 50643 | Depths:3 | an acid blob changed into a caustic shrike
 50649 | Depths:3 | a caustic shrike changed into an alligator snapping turtle
 50652 | Depths:3 | Reached XP level 25. HP: 197/197 MP: 36/43
 50705 | Depths:3 | Received a gift from Okawaru
 50723 | Depths:3 | Gained mutation: You are dopey. (Int -2) [a shining eye]
 50748 | Depths:3 | Received a gift from Okawaru
 50754 | Depths:3 | Got a slimy shield {god gift}
 50781 | Depths:3 | Identified the +2 shield of Sin {rCorr Str+4 Int-2 Stlth+}
                  | (Okawaru gifted it to you on level 3 of the Depths)
 50876 | Depths:3 | Found a one-way gate to the infinite horrors of the Abyss.
 50934 | Depths:3 | Noticed a shard shrike
 50934 | Depths:3 | an iron giant changed into a shard shrike
 50940 | Depths:3 | Killed a shard shrike
 50959 | Depths:3 | Found a gateway to a ziggurat.
 51039 | Depths:3 | Got a crude brass ring
 51042 | Depths:3 | Identified the ring of Kuacsi Qadil {+Fly rN++ Dex-5 Slay+2
                  | SInv} (You found it on level 3 of the Depths)
 51047 | Depths:3 | Got a pitted granite ring
 51050 | Depths:3 | Identified the ring "Suilaom" {+Inv rN+ Stlth-} (You found
                  | it on level 3 of the Depths)
 51062 | Depths:3 | Learned a level 6 spell: Darkness
 51181 | Depths:3 | Identified the Incunabulum of Transmigration
 51238 | Depths:3 | Gained mutation: You tend to lose your temper in combat. [a
                  | neqoxec]
 51408 | Depths:4 | Noticed a juggernaut
 51428 | Depths:4 | Killed a juggernaut
 51437 | Depths:4 | Noticed a juggernaut
 51448 | Depths:4 | Killed a juggernaut
 51543 | Depths:2 | You paid a toll of +3 shadow dragon scales to enter a
                  | treasure trove
 51544 | Trove    | Entered a treasure trove
 51733 | Depths:4 | Noticed the Enchantress
 51902 | Depths:4 | Killed the Enchantress
 51910 | Depths:4 | Received a gift from Okawaru
 52101 | Depths:4 | Found a blossoming altar of Fedhas.
 52113 | Depths:4 | Got a smoking amber ring
 52116 | Depths:4 | Identified the ring "Teh Hadua" {Fire rElec} (You found it
                  | on level 4 of the Depths)
 52127 | Depths:4 | Got a brightly glowing crystal amulet
 52130 | Depths:4 | Identified the amulet of Lugonu's Esteem {rC++ Regen+} (You
                  | found it on level 4 of the Depths)
 52132 | Depths:4 | Got a sparkling bone amulet
 52135 | Depths:4 | Got a faintly glowing tin ring
 52137 | Depths:4 | Identified the ring "Kotes" {rC+ MP+9 Str+2} (You found it
                  | on level 4 of the Depths)
 52146 | Depths:4 | Got a glittering amber ring
 52149 | Depths:4 | Identified the ring of Vesubid {rPois Str+4} (You found it
                  | on level 4 of the Depths)
 52198 | Depths:4 | Identified the amulet "Halizaol" {Gourm *Drain +Blink +Fly
                  | rC+++} (You found it on level 4 of the Depths)
 52271 | Depths:4 | Received a gift from Okawaru
 52340 | Depths:4 | Identified the amulet of the Four Cities {Reflect Dex+2
                  | SH+3}
 52360 | Depths:4 | Received a gift from Okawaru
 52533 | Depths:4 | Found a shattered altar of Ashenzari.
 52706 | Depths:5 | Entered Level 5 of the Depths
 52714 | Depths:5 | Received a gift from Okawaru
 52799 | Depths:5 | Received a gift from Okawaru
 52854 | Depths:5 | Found a gate to the Realm of Zot.
 52959 | Depths:5 | Reached XP level 26. HP: 189/206 MP: 42/44
 54152 | Crypt:1  | Entered Level 1 of the Crypt
 54228 | Crypt:1  | Reached skill level 15 in Charms
 54267 | Crypt:1  | Received a gift from Okawaru
 54957 | Crypt:1  | Received a gift from Okawaru
 56158 | Crypt:3  | Entered Level 3 of the Crypt
 56559 | Crypt:3  | Found a basalt altar of Yredelemnul.
 56559 | Crypt:3  | Noticed an ancient lich
 56576 | Crypt:3  | Killed an ancient lich
 56629 | Crypt:3  | Got a shimmering brass ring
 56637 | Crypt:3  | Identified the ring of the Villain {Wiz rC+ MR- Dex+5} (You
                  | found it on level 3 of the Crypt)
 56925 | Crypt:3  | Reached XP level 27. HP: 214/214 MP: 44/44
 57153 | Crypt:3  | Found a staircase to the Tomb.
 57408 | Vaults:5 | Entered Level 5 of the Vaults
 57413 | Vaults:5 | Received a gift from Okawaru
 57663 | Vaults:5 | Reached skill level 15 in Ice Magic
 57663 | Vaults:5 | Reached skill level 15 in Air Magic
 57680 | Vaults:5 | Received a gift from Okawaru
 57755 | Vaults:5 | Noticed an ancient lich
 57773 | Vaults:5 | Killed an ancient lich
 57937 | Vaults:5 | Lost mutation: You are agile. (Dex +2) [potion of mutation]
 57937 | Vaults:5 | Lost mutation: Scrolls take you longer to read. [potion of
                  | mutation]
 57937 | Vaults:5 | Lost mutation: You are dopey. (Int -2) [potion of mutation]
 57937 | Vaults:5 | Lost mutation: Potions are less effective at restoring your
                  | health. [potion of mutation]
 57937 | Vaults:5 | Gained mutation: Your body sometimes deteriorates upon
                  | taking damage. [potion of mutation]
 57937 | Vaults:5 | Gained mutation: You are covered in fur. (AC +1) [potion of
                  | mutation]
 57938 | Vaults:5 | Lost mutation: You tend to lose your temper in combat.
                  | [potion of mutation]
 57938 | Vaults:5 | Lost mutation: You have sharp toenails. [potion of
                  | mutation]
 57938 | Vaults:5 | Lost mutation: Your body sometimes deteriorates upon taking
                  | damage. [potion of mutation]
 57938 | Vaults:5 | Lost mutation: You are covered in fur. (AC +1) [potion of
                  | mutation]
 57938 | Vaults:5 | Gained mutation: You have a pair of small horns on your
                  | head. [potion of mutation]
 58046 | Vaults:5 | Reached skill level 15 in Conjurations
 58046 | Vaults:5 | Reached skill level 15 in Hexes
 58046 | Vaults:5 | Reached skill level 15 in Summonings
 58046 | Vaults:5 | Reached skill level 15 in Necromancy
 58046 | Vaults:5 | Reached skill level 15 in Translocations
 58046 | Vaults:5 | Reached skill level 15 in Transmutations
 58046 | Vaults:5 | Reached skill level 15 in Fire Magic
 58046 | Vaults:5 | Reached skill level 15 in Earth Magic
 58046 | Vaults:5 | Reached skill level 15 in Poison Magic
 58176 | Vaults:5 | Found the +5 demon whip "Spellbinder" {antimagic, MR+}
 58574 | Vaults:5 | Got a silver rune of Zot
 58676 | Vaults:5 | Found the macabre finger necklace {rN+}
 58899 | Vaults:5 | Got a warped crystal plate armour {god gift}
 58911 | Vaults:5 | Identified the +5 crystal plate armour "Riad" {rCorr SInv}
                  | (Okawaru gifted it to you on level 5 of the Vaults)
 59418 | Slime:1  | Entered Level 1 of the Pits of Slime
 59463 | Slime:1  | Received a gift from Okawaru
 59501 | Slime:2  | Paralysed by a floating eye for 4 turns
 59671 | Slime:3  | Gained mutation: You are weak. (Str -2) [a shining eye]
 59671 | Slime:3  | Gained mutation: Your magical capacity is low. (-10% MP) [a
                  | shining eye]
 59789 | Slime:5  | Entered Level 5 of the Pits of Slime
 59835 | Slime:4  | Gained mutation: Your magical capacity is very low. (-20%
                  | MP) [a shining eye]
 59836 | Slime:4  | Gained mutation: You are dopey. (Int -2) [a shining eye]
 59837 | Slime:4  | Gained mutation: You are clumsy. (Dex -2) [a shining eye]
 59911 | Slime:5  | Gained mutation: Armour fits poorly on your strangely
                  | shaped body. [a shining eye]
 59913 | Slime:5  | Gained mutation: You are occasionally teleported next to
                  | monsters. [a shining eye]
 59923 | Slime:5  | Gained mutation: You occasionally shout uncontrollably at
                  | your foes. [a shining eye]
 60094 | Slime:4  | Gained mutation: Your magical capacity is extremely low.
                  | (-30% MP) [a shining eye]
 60104 | Slime:4  | Received a gift from Okawaru
 60198 | Slime:5  | Noticed the Royal Jelly
 60216 | Slime:5  | Killed the Royal Jelly
 61146 | Slime:5  | Got a slimy rune of Zot
 61153 | Slime:5  | Learned a level 3 spell: Lesser Beckoning
 61166 | Slime:5  | Got a clouded silver ring
 61168 | Slime:5  | Identified the ring "Voblif" {rPois MR- Int+3 Dex+4} (You
                  | found it on level 5 of the Pits of Slime)
 61230 | Slime:5  | Got a scorched pewter amulet
 61233 | Slime:5  | Identified the amulet "Huabadoem" {Spirit Str+2} (You found
                  | it on level 5 of the Pits of Slime)
 61290 | Slime:5  | Got a scorched leather armour
 61301 | Slime:5  | Identified the +3 leather armour "Kofah" {+Blink Str+2
                  | Slay+3} (You found it on level 5 of the Pits of Slime)
 61556 | Slime:1  | Lost mutation: You have a pair of small horns on your head.
                  | [potion of mutation]
 61556 | Slime:1  | Lost mutation: Armour fits poorly on your strangely shaped
                  | body. [potion of mutation]
 61556 | Slime:1  | Gained mutation: You sometimes yell uncontrollably at your
                  | foes. [potion of mutation]
 61556 | Slime:1  | Lost mutation: You are weak. (Str -2) [potion of mutation]
 61566 | Lair:5   | Lost mutation: Your magical capacity is extremely low.
                  | (-30% MP) [potion of mutation]
 61566 | Lair:5   | Lost mutation: You are dopey. (Int -2) [potion of mutation]
 61566 | Lair:5   | Gained mutation: You have sharp toenails. [potion of
                  | mutation]
 61567 | Lair:5   | Lost mutation: You sometimes yell uncontrollably at your
                  | foes. [potion of mutation]
 61567 | Lair:5   | Lost mutation: You occasionally shout uncontrollably at
                  | your foes. [potion of mutation]
 61567 | Lair:5   | Lost mutation: Scrolls take you a little longer to read.
                  | [potion of mutation]
 61567 | Lair:5   | Lost mutation: Your magical capacity is very low. (-20% MP)
                  | [potion of mutation]
 61567 | Lair:5   | Gained mutation: Your flesh is cold resistant. (rC+)
                  | [potion of mutation]
 61567 | Lair:5   | Lost mutation: You are clumsy. (Dex -2) [potion of
                  | mutation]
 61567 | Lair:5   | Gained mutation: Your flesh is very cold resistant. (rC++)
                  | [potion of mutation]
 61569 | Lair:5   | Lost mutation: You are occasionally teleported next to
                  | monsters. [potion of mutation]
 61569 | Lair:5   | Lost mutation: Your magical capacity is low. (-10% MP)
                  | [potion of mutation]
 61569 | Lair:5   | Lost mutation: Your flesh is very cold resistant. (rC++)
                  | [potion of mutation]
 61569 | Lair:5   | Lost mutation: You have sharp toenails. [potion of
                  | mutation]
 61569 | Lair:5   | Gained mutation: You are robust. (+10% HP) [potion of
                  | mutation]
 61569 | Lair:5   | Gained mutation: You are partially covered in molten
                  | scales. (AC +2) [potion of mutation]
 61742 | D:7      | Fell from the grace of Okawaru
 61742 | D:7      | Became a worshipper of Makhleb the Destroyer
 61983 | Hell     | Entered the Vestibule of Hell
 61983 | Hell     | Noticed Geryon
 62243 | Hell     | Reached * piety under Makhleb
 62357 | Hell     | Found a gateway to the Iron City of Dis.
 62528 | Hell     | Found a gateway to the decaying netherworld of Tartarus.
 62740 | Hell     | Killed Geryon
 62771 | Hell     | Reached ** piety under Makhleb
 62779 | Hell     | Found a gateway to the freezing wastes of Cocytus.
 62994 | Hell     | Found a gateway to the ashen valley of Gehenna.
 63129 | Coc:1    | Entered Level 1 of Cocytus
 63253 | Coc:1    | Reached *** piety under Makhleb
 63537 | Coc:1    | Reached **** piety under Makhleb
 63805 | Coc:3    | Reached ***** piety under Makhleb
 64234 | Coc:4    | Reached ****** piety under Makhleb
 65199 | Coc:7    | Entered Level 7 of Cocytus
 65455 | Coc:7    | Was forgiven by Okawaru
 65623 | Coc:7    | Identified the +8 shortbow of Departure {freeze, Str+6
                  | Dex+3 SInv}
 65899 | Coc:7    | Identified the Disquisition on Earthen Necromancy
 66225 | Coc:7    | Noticed Antaeus
 66278 | Coc:7    | Killed Antaeus
 66325 | Coc:7    | Got an icy rune of Zot
 66814 | Zig:1    | Entered Level 1 of a ziggurat
 66840 | Zig:2    | Entered Level 2 of a ziggurat
 66888 | Zig:3    | Entered Level 3 of a ziggurat
 66889 | Zig:3    | Noticed an orb of fire
 66907 | Zig:3    | Killed an orb of fire
 66960 | Zig:4    | Entered Level 4 of a ziggurat
 67006 | Zig:5    | Entered Level 5 of a ziggurat
 67062 | Zig:6    | Entered Level 6 of a ziggurat
 67135 | Zig:7    | Entered Level 7 of a ziggurat
 67209 | Zig:8    | Entered Level 8 of a ziggurat
 67273 | Zig:8    | Found the +4 dagger "Morg" {pain, MR+ Int+5}
 67310 | Zig:9    | Entered Level 9 of a ziggurat
 67427 | Zig:9    | Identified the Disquisition on Envenoming and Augmentations
 67439 | Zig:9    | Identified the ring of the Disturbing Wishes {Ice rN++
                  | Str+3 Slay-2} (You found it on level 9 of a ziggurat)
 67443 | Zig:9    | Identified the amulet of Cied {Faith *Slow rElec rN+} (You
                  | found it on level 9 of a ziggurat)
 67451 | Zig:10   | Entered Level 10 of a ziggurat
 67486 | Zig:10   | Paralysed by accursed screaming for 1 turns
 67505 | Zig:10   | Found the +9 heavy crossbow "Sniper" {velocity, Acc+∞ SInv}
 67525 | Zig:10   | Identified the Handbook of Floating Execration
 67534 | Zig:10   | Learned a level 4 spell: Passage of Golubria
 67540 | Zig:10   | Identified the amulet of Lokhlam {Regen+ Int+3} (You found
                  | it on level 10 of a ziggurat)
 67548 | Zig:11   | Entered Level 11 of a ziggurat
 67653 | Zig:11   | Identified Qenuf's Guide on the Frostbite and the Rocks
 67676 | Zig:12   | Entered Level 12 of a ziggurat
 67801 | Zig:12   | Found the +11 plutonium sword {*Contam Stlth-}
 67855 | Zig:13   | Entered Level 13 of a ziggurat
 67885 | Zig:13   | HP: 5/315 [entropy weaver (14)]
 67886 | Zig:13   | Slain by an entropy weaver

Levels and vault maps discovered:
D:1:      psy_arrival_dodecagon, layout_loops_cross
D:2:      layout_loops_ring, overflow_temple_1_default, skrybe_limestone_x,
          minmay_pentomino_p4, uniq_terence
D:3:      minmay_inner_zag, layout_basic, okawaru_ov_weapons_minmay
D:4:      layout_basic, kennysheep_little_box, first_ration,
          nicolae_tso_besieged_by_evil
D:5:      layout_loops_corners, serial_shops, shop,
          nemelex_xobeh_ov_fountains_minmay, uniq_blork_the_orc,
          uniq_crazy_yiuf_cottage
D:6:      layout_basic, temple_fountains, serial_shops, shop_fountains,
          gup_sewer_entry_glass, uniq_eustachio
D:7:      layout_gridville, nicolae_qazlal_style_of_elements,
          grunt_temple_overflow_open, grunt_temple_overflow_opulence,
          nicolae_ossuary_entry_giza, uniq_prince_ribbit1
D:8:      lemuel_insect_pit, layout_basic, lemuel_coloured_pillars_altar,
          uniq_harold
D:9:      layout_roguey, old_standard_altar, minmay_lair_entry_grove,
          serial_shops, shop, nicolae_shop_stone, shop
D:10:     layout_irregular_city
D:11:     layout_cave_pools, minmay_orc_entry_temple_small, basic_altar,
          uniq_josephine, uniq_gastronok
D:12:     layout_cave_pools, grunt_tengu_nest
D:13:     layout_cave_pools, uniq_azrael, uniq_erolcha
D:14:     layout_loops_ring, david_vaults_3, uniq_roxanne
D:15:     grunt_enter_depths_snipers, layout_irregular_city, elyvilon_altar_1
Lair:1:   layout_roguey, minivault_26
Lair:2:   layout_loops_ring, elwin_shoals_entry_stream, st_stairs_4
Lair:3:   layout_long_grid, serial_bayou_shore_b, infiniplex_staircase_pool_2
Lair:4:   layout_cave_pods, dummy_snake_entry, uniq_snorg
Lair:5:   layout_gridlike, dpeg_slime_entry_enclosed_altar,
          portal_ice_cave_entry_imps, grunt_megastairs_4, serial_bayou_shore_a
Lair:6:   grunt_lair_end_beastmaster, layout_loops_ring, basic_altar,
          grunt_megastairs_3
Shoals:1: layout_shoals, serial_shops, shop, uniq_jorgrun
Shoals:2: layout_shoals, uniq_ilsuiw
Shoals:3: nicolae_shoals_island_circles, layout_shoals
Shoals:4: shoals_end_hangedman, layout_shoals, nicolae_shoals_drake_roost
Snake:1:  layout_onion, uniq_aizul, uniq_donald
Snake:2:  layout_rooms, basic_altar, st_stairs_13, uniq_agnes
Snake:3:  layout_misc_corridors, hangedman_venom_bottle
Snake:4:  snake_pit, layout_layer_cave
Slime:1:  layout_caves, cheibrodos_slime_lost_civilization_6
Slime:2:  layout_caves
Slime:3:  layout_caves
Slime:4:  layout_caves
Slime:5
Orc:1:    layout_caves, serial_shops, shop, gammafunk_ghost_smash
Orc:2:    grunt_orc_community_town_hall, layout_caves,
          grunt_orc_community_big_house_2, grunt_orc_community_big_house_1,
          grunt_orc_community_house_3, grunt_orc_community_house_1,
          grunt_orc_community_house_2, grunt_orc_community_house_1,
          grunt_orc_community_house_3, grunt_orc_community_house_3,
          nicolae_orc_lost_temple
Elf:1:    layout_rooms, minmay_elf_crystal_hexagon, amethyst_killhole
Elf:2:    layout_geoelf_grid, ebering_ghost_xom, minivault_16, uniq_nikola
Elf:3:    elf_hall_gauntlet_wide, layout_geoelf_octagon, grunt_ministairs_10,
          nicolae_elf_w_pinch, minivault_16
Vaults:1: hangedman_vaults_stitches, v_alt_pattern_6, st_smaller_cells,
          vaults_mumra_hex, vaults_room_pool, vaults_dpeg_hooks, v_misc_25,
          ontoclasm_vaults_decontamination, vaults_mumra_minichess_inversion,
          layout_vaults_omnigrid
Vaults:2: minmay_crypt_entry_simple_statues, nicolae_vaults_little_squares_4,
          nicolae_vaults_circle_grid_a, vaults_dpeg_doors, v_misc_16,
          dpeg_vaults_monster_box, ontoclasm_vaults_twist, serial_ice_b,
          v_misc_3, grunt_vaults_swirl, v_alt_pattern_6, layout_vaults_omnibox,
          mu_enter_wizlab_3, uniq_saint_roka
Vaults:3: v_rooms_4, vaults_room_fours, nicolae_vaults_network_star,
          vaults_mumra_chevron, vaults_standard_mumra_lines,
          nicolae_vaults_circle_grid_b, ontoclasm_vaults_ring_large,
          hangedman_vaults_slice, hangedman_vaults_locks,
          vaults_mumra_chevron_long, ontoclasm_vaults_claustrophobia,
          layout_vaults_maze_bifur, serial_shops, shop_fountains
Vaults:4: nicolae_vaults_mini_display_case, nicolae_vaults_what_the_h,
          v_misc_22, nicolae_vaults_network_quincunx
          [nicolae_vaults_network_quincunx_subvault,
          nicolae_vaults_network_quincunx_subvault,
          nicolae_vaults_network_quincunx_subvault,
          nicolae_vaults_network_quincunx_subvault,
          nicolae_vaults_network_quincunx_subvault], v_alt_pattern_6,
          vaults_dpeg_ring, ontoclasm_vaults_ring_square, vaults_room_pools,
          vaults_standard_mumra_enter_the_diamond, dpeg_vaults_waves,
          vaults_room_corners, layout_vaults_omnicross
Vaults:5: serial_shops
Crypt:1:  layout_misc_corridors, minmay_misc_feat_columns, moated_statue,
          grunt_ministairs_2
Crypt:2:  layout_basic, grunt_megastairs_2
Crypt:3:  cryptofortress_bobbens
Depths:1: layout_cross, hell_entry, grunt_ministairs_7,
          minmay_misc_feat_diagonals, hangedman_eye_storm, minmay_shoptagon,
          firewood_loft
Depths:2: grunt_twisty_corner, layout_basic, grunt_pan_entry_in_and_out,
          nicolae_trove_entry_diagonal, hangedman_decor_push, pf_coc_iceberg,
          infiniplex_staircase_door_maze, minmay_shop_grove
Depths:3: radiant_caverns_a_rkd, pan_entry, serial_shops, abyss_entry,
          hell_entry
Depths:4: minmay_the_grid_triangle_9x9_recursive_2_mashed
          [minmay_the_grid_triangle_9x9_prize_special,
          minmay_the_grid_triangle_9x9_shrine,
          minmay_the_grid_triangle_9x9_from_above,
          minmay_the_grid_triangle_9x9_swiss_cheese], layout_cave_pools,
          corexii_leaking_fountain, abyss_entry, pf_vacation_house_of_asmodeus,
          nicolae_ashenzari_panopticon, uniq_enchantress
Depths:5: evilmike_zot_entry_hall, layout_gridlike, minmay_misc_feat_plants,
          grunt_mini_vestibule, minivault_16
Hell
Coc:1:    layout_ice_bergs
Coc:2:    layout_ice_bergs
Coc:3:    layout_ice_bergs, hangedman_mysterious_dungeon_monster_house
Coc:4:    layout_ice_bergs
Coc:5:    layout_ice_bergs
Coc:6:    layout_cocytus_water_paths
Coc:7:    coc_hangedman
Zig:13

Skill      XL: |  1  2  3  4  5  6  7  8  9 10 11 12 13 14 15 16 17 18 19 20 21 22 23 24 25 26 27 |
---------------+----------------------------------------------------------------------------------+-----
Ice Magic      | 2 3 4 5 6 7 8 9 10 11 12 13 14 17 | 17.2
Air Magic      | 2 3 4 5 6 7 8 9 10 11 12 13 14 17 | 17.2
Invocations    | 1 2 3 4 5 6 7 8 9 10 11 12 13 14 15 16 17 18 21 | 21.2
Short Blades   | 1 2 3 4 5 6 7 8 9 10 11 12 13 14 15 16 19 | 19.7
Long Blades    | 1 2 3 4 5 6 7 8 9 10 11 12 13 14 15 16 19 | 19.7
Axes           | 1 2 3 4 5 6 7 8 9 10 11 12 13 14 15 16 19 | 19.7
Polearms       | 1 2 3 4 5 6 7 8 9 10 11 12 13 14 15 16 19 | 19.7
Staves         | 1 2 3 4 5 6 7 8 9 10 11 12 13 14 15 16 19 | 19.7
Slings         | 1 2 3 4 5 6 7 8 9 10 11 12 13 14 15 16 19 | 19.7
Bows           | 1 2 3 4 5 6 7 8 9 10 11 12 13 14 15 16 19 | 19.7
Crossbows      | 1 2 3 4 5 6 7 8 9 10 11 12 13 14 15 16 19 | 19.7
Throwing       | 1 2 3 4 5 6 7 8 9 10 11 12 13 14 15 16 19 | 19.7
Armour         | 1 2 3 4 5 6 7 8 9 10 11 12 13 14 15 16 17 18 23 | 23.3
Dodging        | 1 2 3 4 5 6 7 8 9 10 11 12 13 14 15 16 19 | 19.7
Stealth        | 1 2 3 4 5 6 7 8 9 10 11 12 13 14 15 16 19 | 19.7
Shields        | 1 2 3 4 5 6 7 8 9 10 11 12 13 14 15 16 17 18 23 | 23.3
Unarmed Combat | 1 2 3 4 5 6 7 8 9 10 11 12 13 14 15 16 19 | 19.7
Conjurations   | 1 2 3 4 5 6 7 8 9 10 11 12 13 14 17 | 17.1
Hexes          | 1 2 3 4 5 6 7 8 9 10 11 12 13 14 17 | 17.1
Charms         | 1 2 3 4 5 6 7 8 9 10 11 12 13 14 15 18 | 18.5
Summonings     | 1 2 3 4 5 6 7 8 9 10 11 12 13 14 17 | 17.1
Necromancy     | 1 2 3 4 5 6 7 8 9 10 11 12 13 14 17 | 17.1
Translocations | 1 2 3 4 5 6 7 8 9 10 11 12 13 14 17 | 17.1
Transmutations | 1 2 3 4 5 6 7 8 9 10 11 12 13 14 17 | 17.1
Fire Magic     | 1 2 3 4 5 6 7 8 9 10 11 12 13 14 17 | 17.1
Earth Magic    | 1 2 3 4 5 6 7 8 9 10 11 12 13 14 17 | 17.1
Poison Magic   | 1 2 3 4 5 6 7 8 9 10 11 12 13 14 17 | 17.1
Fighting       | 3 4 5 6 7 8 9 10 11 12 13 14 15 16 17 19 | 19.9
Maces & Flails | 5 6 7 8 9 10 11 12 13 14 15 16 17 20 | 20.1
Evocations     | 5 6 7 8 9 10 11 12 13 14 15 16 17 20 | 20.1
Spellcasting   | 8 9 10 11 12 13 14 15 16 17 20 | 20.5

Action                   |  1- 3 |  4- 6 |  7- 9 | 10-12 | 13-15 | 16-18 | 19-21 | 22-24 | 25-27 || total
-------------------------+-------+-------+-------+-------+-------+-------+-------+-------+-------++-------
Melee: Mace              |    93 |     3 |       |       |       |       |       |       |       ||    96
       Bite              |     4 |    25 |    40 |    89 |   117 |   294 |   292 |   190 |   692 ||  1743
       Spear             |       |   207 |       |       |       |       |       |       |       ||   207
       Unarmed           |       |     3 |       |       |       |       |       |       |       ||     3
       Punch             |       |     1 |       |       |       |       |       |       |       ||     1
       Halberd           |       |       |   381 |   503 |       |       |       |       |       ||   884
       Kick              |       |       |    23 |   110 |       |       |   201 |   496 |   598 ||  1428
       Great sword       |       |       |       |   109 |   552 |       |       |       |       ||   661
       Battleaxe         |       |       |       |       |     8 |   410 |       |       |       ||   418
       Broad axe         |       |       |       |       |       |  1163 |  1527 |  1167 |  3852 ||  7709
       Headbutt          |       |       |       |       |       |       |       |       |   141 ||   141
 Fire: Triple crossbow   |       |       |       |       |       |    52 |       |       |       ||    52
       Hand crossbow     |       |       |       |       |       |       |       |     4 |       ||     4
Throw: Dart              |       |       |       |    19 |    10 |     2 |     3 |     2 |       ||    36
       Throwing net      |       |       |       |     1 |       |       |     1 |       |       ||     2
       Boomerang         |       |       |       |       |     8 |       |       |       |       ||     8
 Cast: Shroud of Golubri |       |       |     1 |       |       |     1 |       |       |       ||     2
       Regeneration      |       |       |       |       |    19 |    38 |    37 |    47 |   154 ||   295
       Song of Slaying   |       |       |       |       |     9 |    33 |    35 |    38 |   122 ||   237
       Mephitic Cloud    |       |       |       |       |       |       |     1 |       |       ||     1
       Statue Form       |       |       |       |       |       |       |    36 |    71 |   179 ||   286
       Lee's Rapid Decon |       |       |       |       |       |       |       |     9 |       ||     9
       Deflect Missiles  |       |       |       |       |       |       |       |       |     8 ||     8
       Lesser Beckoning  |       |       |       |       |       |       |       |       |    98 ||    98
       Darkness          |       |       |       |       |       |       |       |       |    17 ||    17
       Controlled Blink  |       |       |       |       |       |       |       |       |     4 ||     4
       Blink             |       |       |       |       |       |       |       |       |     4 ||     4
       Irradiate         |       |       |       |       |       |       |       |       |     2 ||     2
Invok: Heroism           |       |       |     1 |       |     3 |    17 |    11 |     7 |     7 ||    46
       Finesse           |       |       |       |       |     1 |     5 |     2 |     1 |     2 ||    11
 Abil: Evoke Flight      |       |       |       |       |       |       |       |     1 |     5 ||     6
       Stop Flying       |       |       |       |       |       |       |       |       |     1 ||     1
       End Transformatio |       |       |       |       |       |       |       |       |     1 ||     1
Evoke: Wand              |       |       |     2 |    10 |    56 |    10 |     8 |     2 |     7 ||    95
       Lightning rod     |       |       |       |       |       |     5 |     2 |     1 |     5 ||    13
       Lamp of fire      |       |       |       |       |       |       |     2 |     6 |     1 ||     9
       Box of beasts     |       |       |       |       |       |       |     1 |     1 |     1 ||     3
       Sack of spiders   |       |       |       |       |       |       |     1 |     3 |     3 ||     7
  Use: Potion            |     3 |     1 |     6 |     1 |     1 |     4 |     6 |     2 |    22 ||    46
       Scroll            |       |     3 |     9 |    10 |     7 |    12 |     9 |     7 |    27 ||    84
 Stab: Invisible         |       |       |       |     3 |     2 |     2 |     8 |     1 |       ||    16
       Sleeping          |       |       |       |     2 |     1 |     6 |    10 |     5 |    13 ||    37
       Distracted        |       |       |       |       |       |     1 |     2 |     2 |     4 ||     9
       Confused          |       |       |       |       |       |       |     4 |       |       ||     4
  Eat: Chunk             |       |     4 |    10 |    32 |    19 |    20 |    37 |    40 |    47 ||   209
       Ration            |       |     1 |     1 |       |     1 |     6 |     3 |     5 |    26 ||    43
Armor: Scale mail        |    46 |       |       |       |       |       |       |       |       ||    46
       Skin              |     2 |       |       |       |       |       |    78 |   257 |   892 ||  1229
       Chain mail        |       |    66 |   256 |    97 |       |       |       |       |       ||   419
       Leather armour    |       |       |    22 |       |       |       |       |       |       ||    22
       Storm dragon scal |       |       |       |   255 |   423 |   478 |   144 |       |       ||  1300
       Robe              |       |       |       |       |       |       |       |       |    10 ||    10
Dodge: Dodged            |    43 |    44 |   220 |   330 |   644 |   826 |   774 |  1036 |  3652 ||  7569
       Deflected         |       |       |       |       |       |       |       |       |   132 ||   132
Block: Other             |       |    30 |    84 |    97 |   165 |    80 |       |       |       ||   456
       Reflection        |       |     1 |     1 |     5 |     6 |    85 |   161 |    87 |       ||   346
       Buckler           |       |       |       |       |       |   539 |       |       |       ||   539
       Large shield      |       |       |       |       |       |   143 |   983 |       |  1321 ||  2447
       Shield            |       |       |       |       |       |       |   453 |  1037 |  2825 ||  4315
       Rpst.: Great sword |       |       |       |    22 |   150 |       |       |       |       ||   172
